SAAA
ELLENBURG FIGHTING DACHSUNDS @ ALLOWAY HALBERDS
06/08/2023
 
TOP OF THE 1ST
Ellenburg Fighting Dachsunds batting - Pitching for Alloway Halberds : RHP Armando Delvalle
Pitching: RHP Armando Delvalle
Batting: RHB Charles Jordan 0-0: Ball
1-0: Called Strike
1-1: Ball
2-1: Ground out 4-3 (Groundball, 4S)
Batting: RHB Gerald Clark 0-0: Foul Ball, location: 2F
0-1: Ball
1-1: Ground out 5-3 (Groundball, 5)
Batting: RHB Kade Knowles 0-0: Foul Ball, location: 2F
0-1: Ball
1-1: Ball
2-1: Ball
3-1: Foul Ball, location: 2F
3-2: Strikes out swinging
Top of the 1st over - 0 run(s), 0 hit(s), 0 error(s), 0 left on base; Ellenburg 0 - Alloway 0
BOTTOM OF THE 1ST
Alloway Halberds batting - Pitching for Ellenburg Fighting Dachsunds : RHP Jaime Venditti
Pitching: RHP Jaime Venditti
Batting: RHB Juan Salinas 0-0: Ground out 4-3 (Groundball, 4)
Batting: RHB Tracy Larson 0-0: Ball
1-0: Ball
2-0: Swinging Strike
2-1: Foul Ball, location: 2F
2-2: Ball
3-2: Foul Ball, location: 2F
3-2: Foul Ball, location: 2F
3-2: Strikes out swinging
Batting: RHB Stan Barnes 0-0: Ball
1-0: Foul Ball, location: 2F
1-1: Called Strike
1-2: Strikes out swinging
Bottom of the 1st over - 0 run(s), 0 hit(s), 0 error(s), 0 left on base; Ellenburg 0 - Alloway 0
TOP OF THE 2ND
Ellenburg Fighting Dachsunds batting - Pitching for Alloway Halberds : RHP Armando Delvalle
Batting: RHB Will Thomas 0-0: Ball
1-0: Called Strike
1-1: Ball
2-1: Ball
3-1: Base on Balls
Batting: RHB Francis Kelly 0-0: Ball
1-0: Ball
2-0: Fly out, F3 (Popup, 3D)
Batting: RHB Howard Kelly 0-0: SINGLE (Flyball, 8RS)
Will Thomas to second
Batting: RHB Jesús López 0-0: Ball
1-0: Ball
2-0: Called Strike
2-1: Foul Ball, location: 2F
2-2: Grounds into double play, 5-4-3 (Groundball, 5)
Top of the 2nd over - 0 run(s), 1 hit(s), 0 error(s), 1 left on base; Ellenburg 0 - Alloway 0
BOTTOM OF THE 2ND
Alloway Halberds batting - Pitching for Ellenburg Fighting Dachsunds : RHP Jaime Venditti
Batting: RHB Stefano Gaddi 0-0: Foul Ball, location: 2F
0-1: Called Strike
0-2: Ball
1-2: Ball
2-2: Ball
3-2: Foul Ball, location: 2F
3-2: Base on Balls
Batting: RHB Dennis Clifton 0-0: Ball
1-0: Swinging Strike
1-1: Swinging Strike
1-2: Ball
2-2: Foul Ball, location: 2F
2-2: Foul Ball, location: 2F
2-2: Ball
Balk!
Stefano Gaddi to second
3-2: Foul Ball, location: 2F
3-2: Base on Balls
Batting: LHB Mark Crawford 0-0: Ball
1-0: Foul Ball, location: 2F
1-1: Swinging Strike
1-2: Strikes out swinging
Batting: SHB Ron Peterson 0-0: Foul Ball, location: 2F
0-1: Swinging Strike
0-2: Ball
1-2: Ball
2-2: Ball
3-2: Foul Ball, location: 2F
Reached via error on a dropped throw, E3
Stefano Gaddi to third
Dennis Clifton to second
Batting: RHB Juan Martínez 0-0: SINGLE (Groundball, 56D)
Stefano Gaddi scores
Dennis Clifton to third
Ron Peterson to second
Batting: SHB Pancho De La Rosa 0-0: Ball
1-0: Ball
2-0: Ball
3-0: Called Strike
3-1: Foul Ball, location: 2F
3-2: Strikes out swinging
Batting: RHB Juan Salinas 0-0: Swinging Strike
0-1: Swinging Strike
0-2: Fly out, F3 (Popup, 3F)
Bottom of the 2nd over - 1 run(s), 1 hit(s), 1 error(s), 3 left on base; Ellenburg 0 - Alloway 1
TOP OF THE 3RD
Ellenburg Fighting Dachsunds batting - Pitching for Alloway Halberds : RHP Armando Delvalle
Batting: RHB Jack Burton 0-0: Swinging Strike
0-1: Swinging Strike
0-2: Ball
1-2: Ball
2-2: Foul Ball, location: 2F
2-2: Ball
3-2: Base on Balls
Batting: LHB Ramón Hernández 0-0: Ball
1-0: Foul Ball, location: 2F
1-1: Ball
Jack Burton is caught stealing 2nd base
2-1: Ball
3-1: Base on Balls
Batting: RHB Charles Jordan 0-0: Ball
1-0: Ball
2-0: Ball
3-0: Base on Balls
Ramón Hernández to second
Batting: RHB Gerald Clark 0-0: Ball
1-0: Ball
2-0: Ball
3-0: Called Strike
3-1: Base on Balls
Ramón Hernández to third
Charles Jordan to second
Batting: RHB Kade Knowles 0-0: Ball
1-0: Ball
2-0: Fly out, F7 (Flyball, 7M)
Runner from 3rd tags up, SCORES, throw made
Batting: RHB Will Thomas 0-0: Ball
1-0: Called Strike
1-1: Hit by Pitch
Charles Jordan to third
Gerald Clark to second
Batting: RHB Francis Kelly 0-0: Called Strike
0-1: Ball
1-1: Ball
2-1: Ball
3-1: SINGLE (Line Drive, 6MD)
Charles Jordan scores
Gerald Clark to third
Will Thomas to second
Runner from 3rd tries for Home, SAFE, no throw or cutoff
Batting: RHB Howard Kelly 0-0: Called Strike
0-1: Fielders Choice at 2nd, U6 (Groundball, 6M)
Top of the 3rd over - 3 run(s), 1 hit(s), 0 error(s), 2 left on base; Ellenburg 3 - Alloway 1
BOTTOM OF THE 3RD
Alloway Halberds batting - Pitching for Ellenburg Fighting Dachsunds : RHP Jaime Venditti
Batting: RHB Tracy Larson 0-0: Fly out, F3 (Popup, 3F)
Batting: RHB Stan Barnes 0-0: Ball
1-0: Ball
2-0: Ball
3-0: Base on Balls
Batting: RHB Stefano Gaddi 0-0: Swinging Strike
0-1: Ball
1-1: Foul Ball, location: 2F
1-2: Ball
Stan Barnes steals 2nd base
2-2: Strikes out swinging
Batting: RHB Dennis Clifton 0-0: Foul Ball, location: 2F
0-1: Ball
1-1: Ball
2-1: Ball
3-1: Called Strike
3-2: Ground out 5-3 (Groundball, 56)
Bottom of the 3rd over - 0 run(s), 0 hit(s), 0 error(s), 1 left on base; Ellenburg 3 - Alloway 1
TOP OF THE 4TH
Ellenburg Fighting Dachsunds batting - Pitching for Alloway Halberds : RHP Armando Delvalle
Batting: RHB Jesús López 0-0: Called Strike
0-1: Ball
1-1: Ground out 6-3 (Groundball, 6)
Batting: RHB Jack Burton 0-0: Ball
1-0: Ball
2-0: Called Strike
2-1: Swinging Strike
2-2: Ground out 6-3 (Groundball, 6)
Batting: LHB Ramón Hernández 0-0: Called Strike
0-1: Ball
1-1: Ball
2-1: Ground out 6-3 (Groundball, 6M)
Top of the 4th over - 0 run(s), 0 hit(s), 0 error(s), 0 left on base; Ellenburg 3 - Alloway 1
BOTTOM OF THE 4TH
Alloway Halberds batting - Pitching for Ellenburg Fighting Dachsunds : RHP Jaime Venditti
Batting: LHB Mark Crawford 0-0: Ball
1-0: Fly out, F8 (Flyball, 8RS)
Batting: SHB Ron Peterson 0-0: Ball
1-0: Ball
2-0: Ball
3-0: Base on Balls
Batting: RHB Juan Martínez 0-0: Called Strike
0-1: Foul Ball, location: 2F
0-2: Strikes out looking
Batting: SHB Pancho De La Rosa 0-0: Called Strike
Ron Peterson steals 2nd base
0-1: Foul Ball, location: 2F
0-2: Ball
1-2: Strikes out swinging
Bottom of the 4th over - 0 run(s), 0 hit(s), 0 error(s), 1 left on base; Ellenburg 3 - Alloway 1
TOP OF THE 5TH
Ellenburg Fighting Dachsunds batting - Pitching for Alloway Halberds : RHP Armando Delvalle
Batting: RHB Charles Jordan 0-0: Ball
1-0: Swinging Strike
1-1: Fly out, F9 (Flyball, 9M)
Batting: RHB Gerald Clark Single, Error in OF, E7, batter to second base
Pitching: RHP Joe Holmes
Batting: RHB Kade Knowles 0-0: Ball
1-0: Called Strike
1-1: Ball
2-1: Fly out, F4 (Popup, 4)
Batting: RHB Will Thomas 0-0: Called Strike
0-1: Foul Ball, location: 2F
0-2: Strikes out swinging
Top of the 5th over - 0 run(s), 1 hit(s), 1 error(s), 1 left on base; Ellenburg 3 - Alloway 1
BOTTOM OF THE 5TH
Alloway Halberds batting - Pitching for Ellenburg Fighting Dachsunds : RHP Jaime Venditti
Batting: RHB Juan Salinas 0-0: Called Strike
0-1: Ball
1-1: Ball
2-1: Ball
3-1: Foul Ball, location: 2F
3-2: Base on Balls
Pitching: RHP Ed Stark
Batting: RHB Tracy Larson 0-0: Ball
1-0: Sac Bunt - play at first, batter OUT! 1-4
Juan Salinas to second
Batting: RHB Stan Barnes 0-0: Called Strike
0-1: Foul Ball, location: 2F
0-2: Ball
1-2: Strikes out swinging
Batting: RHB Stefano Gaddi 0-0: Ball
1-0: Ball
2-0: Called Strike
2-1: Ball
3-1: Called Strike
3-2: Strikes out looking
Bottom of the 5th over - 0 run(s), 0 hit(s), 0 error(s), 1 left on base; Ellenburg 3 - Alloway 1
TOP OF THE 6TH
Ellenburg Fighting Dachsunds batting - Pitching for Alloway Halberds : RHP Joe Holmes
Batting: RHB Francis Kelly 0-0: DOUBLE (Line Drive, 56D)
Batting: RHB Howard Kelly 0-0: Bunt missed!
0-1: Bunt missed!
0-2: Ball
1-2: Ball
2-2: Ground out 4-3 (Groundball, 4M)
Francis Kelly to third
Batting: RHB Jesús López 0-0: Swinging Strike
0-1: Ball
1-1: Foul Ball, location: 2F
1-2: Ground out 4-3 (Groundball, 4)
Batting: RHB Jack Burton 0-0: Foul Ball, location: 2F
0-1: Swinging Strike
0-2: Ball
1-2: Strikes out swinging
Top of the 6th over - 0 run(s), 1 hit(s), 0 error(s), 1 left on base; Ellenburg 3 - Alloway 1
BOTTOM OF THE 6TH
Alloway Halberds batting - Pitching for Ellenburg Fighting Dachsunds : RHP Ed Stark
Batting: RHB Dennis Clifton 0-0: Swinging Strike
0-1: Called Strike
0-2: Hit by Pitch
Batting: LHB Mark Crawford 0-0: Sac Bunt - play at first, batter OUT! 1-3
Dennis Clifton to second
Batting: SHB Ron Peterson 0-0: Ground out 6-3 (Groundball, 6M)
Dennis Clifton to third
Batting: RHB Juan Martínez 0-0: Fly out, F7 (Flyball, 7M)
Bottom of the 6th over - 0 run(s), 0 hit(s), 0 error(s), 1 left on base; Ellenburg 3 - Alloway 1
TOP OF THE 7TH
Ellenburg Fighting Dachsunds batting - Pitching for Alloway Halberds : RHP Joe Holmes
Batting: LHB Ramón Hernández 0-0: SINGLE (Groundball, 4MD)
Batting: RHB Charles Jordan 0-0: Sac Bunt - play at first, batter OUT! 1-4
Ramón Hernández to second
Batting: RHB Gerald Clark 0-0: Ground out 5-3 (Groundball, 5)
Batting: RHB Kade Knowles 0-0: Fly out, F4 (Popup, 34D)
Top of the 7th over - 0 run(s), 1 hit(s), 0 error(s), 1 left on base; Ellenburg 3 - Alloway 1
BOTTOM OF THE 7TH
Alloway Halberds batting - Pitching for Ellenburg Fighting Dachsunds : RHP Ed Stark
Batting: SHB Pancho De La Rosa 0-0: Foul Ball, location: 2F
0-1: Ball
1-1: Fly out, F7 (Flyball, 78D)
Batting: RHB Juan Salinas 0-0: Ball
1-0: Ball
2-0: Called Strike
2-1: Ball
3-1: Called Strike
3-2: Fly out, F9 (Line Drive, 9M)
Batting: RHB Tracy Larson 0-0: Ball
1-0: Ball
2-0: Called Strike
2-1: Foul Ball, location: 2F
2-2: Strikes out swinging
Bottom of the 7th over - 0 run(s), 0 hit(s), 0 error(s), 0 left on base; Ellenburg 3 - Alloway 1
TOP OF THE 8TH
Ellenburg Fighting Dachsunds batting - Pitching for Alloway Halberds : RHP Joe Holmes
Batting: RHB Will Thomas 0-0: Ball
1-0: Called Strike
1-1: Foul Ball, location: 2F
1-2: Fly out, F6 (Line Drive, 6)
Batting: RHB Francis Kelly 0-0: Called Strike
0-1: Called Strike
0-2: Strikes out looking
Batting: RHB Howard Kelly 0-0: Ground out 4-3 (Groundball, 4)
Top of the 8th over - 0 run(s), 0 hit(s), 0 error(s), 0 left on base; Ellenburg 3 - Alloway 1
BOTTOM OF THE 8TH
Alloway Halberds batting - Pitching for Ellenburg Fighting Dachsunds : RHP Ed Stark
Batting: RHB Stan Barnes 0-0: Called Strike
0-1: Ball
1-1: Fly out, F7 (Flyball, 78M)
Batting: RHB Stefano Gaddi 0-0: Foul Ball, location: 2F
0-1: Ground out 1-3 (Groundball, 13S)
Batting: RHB Dennis Clifton 0-0: Ground out 6-3 (Groundball, 6)
Bottom of the 8th over - 0 run(s), 0 hit(s), 0 error(s), 0 left on base; Ellenburg 3 - Alloway 1
TOP OF THE 9TH
Ellenburg Fighting Dachsunds batting - Pitching for Alloway Halberds : LHP Jim Unknown
Pitching: LHP Jim Unknown
Batting: RHB Jesús López 0-0: Ball
1-0: Ball
2-0: Ball
3-0: Base on Balls
Pitching: LHP Jim Unknown
Batting: RHB Jack Burton 0-0: Ball
Jesús López steals 2nd base
1-0: Intentional Walk
Pitching: RHP Darwin von Loen
Batting: LHB Ramón Hernández 0-0: Ball
1-0: Sac Bunt - play at first, batter OUT! 1-4
Jesús López to third
Jack Burton to second
Pinch Hitting: LHB Roberto Rodríguez 0-0: Called Strike
0-1: Ball
1-1: Ball
2-1: Ball
3-1: Base on Balls
Batting: RHB Gerald Clark 0-0: Ball
1-0: SINGLE (Flyball, 8RS)
Jesús López scores
Jack Burton to third
Roberto Rodríguez to second
Runner from 3rd tries for Home, SAFE, no throw or cutoff
Batting: RHB Kade Knowles 0-0: Called Strike
0-1: Ball
1-1: Ball
2-1: Ball
3-1: Swinging Strike
3-2: Base on Balls
Roberto Rodríguez to third
Gerald Clark to second
Batting: RHB Will Thomas 0-0: Called Strike
0-1: Called Strike
0-2: Ball
1-2: Strikes out looking
Batting: RHB Francis Kelly 0-0: Called Strike
0-1: Called Strike
0-2: Ball
1-2: Ball
2-2: Strikes out looking
Top of the 9th over - 2 run(s), 1 hit(s), 0 error(s), 3 left on base; Ellenburg 5 - Alloway 1
BOTTOM OF THE 9TH
Alloway Halberds batting - Pitching for Ellenburg Fighting Dachsunds : RHP Ed Stark
Now at SS: Travis Lee
Batting: LHB Mark Crawford 0-0: Called Strike
0-1: Called Strike
0-2: Ball
1-2: Ball
2-2: SINGLE (Groundball, 15S) (infield hit)
Batting: SHB Ron Peterson 0-0: Ball
1-0: Swinging Strike
1-1: Foul Ball, location: 2F
1-2: Strikes out looking
Batting: RHB Juan Martínez 0-0: Called Strike
0-1: Ball
1-1: Ball
Wild Pitch!
Mark Crawford to second
2-1: Called Strike
2-2: Ball
3-2: Base on Balls
Pitching: RHP Ed White
Batting: SHB Pancho De La Rosa 0-0: Called Strike
0-1: Ball
1-1: Ball
2-1: Foul Ball, location: 2F
2-2: Grounds into double play, 6-4-3 (Groundball, 6)
Bottom of the 9th over - 0 run(s), 1 hit(s), 0 error(s), 1 left on base; Ellenburg 5 - Alloway 1
This league is powered by Out of the Park Baseball, the baseball management simulation game for PC, Mac and Linux
Friday, July 8th, 2016 - OOTP Baseball 16.9 Build 39